[ AOE2 MATCH · #513716715 ]
UnrankedJapanese vs Teutons
Player's team · LOSS
Rival team · WIN
[ REPLAY ANALYSIS · EXTRACTED FROM THE RECORDED GAME ]
Feudal
10:11
Castle
23:16
Imperial
—
| APM avg | 25.8 |
| APM peak | 47 |
| eAPM avg | 13.6 |
| Villagers / military | 65 / 37 |
Focus
⚔️ 21.9% · 🌾 78.1%
Spearman ×11 · Militia ×9 · Scout Cavalry ×6 · Monk ×5 · Scorpion ×4 · Knight ×1
Feudal
12:39
Castle
27:17
Imperial
—
| APM avg | 24.5 |
| APM peak | 52 |
| eAPM avg | 13.4 |
| Villagers / military | 55 / 58 |
Focus
⚔️ 39.1% · 🌾 60.9%
Knight ×17 · Archer ×12 · Teutonic Knight ×12 · Battering Ram ×8 · Militia ×3 · Skirmisher ×3
Match map
Initial resources + every placement click. Lines = walls · curves = elevation contours. ◆ gold · ⬟ stone · ● berries · ✦ relic · ◌ wall gap
Your base· Open — unwalled flank
老菜套's base· Open — 10t gap
Smoothed initial terrain · ◌ = detected wall gap · hover for details
Inputs per minute
— LordPoseidón - - 老菜套
Build order — LordPoseidón
First 150 of 174 actions detected
| 0:02 | Queue | Villager (Male) ×4 |
| 0:04 | Build | House |
| 0:06 | Build | House |
| 1:26 | Queue | Villager (Male) |
| 2:01 | Queue | Villager (Male) |
| 2:19 | Queue | Villager (Male) |
| 3:01 | Queue | Villager (Male) |
| 3:09 | Build | House |
| 3:15 | Queue | Villager (Male) |
| 3:34 | Queue | Villager (Male) |
| 3:39 | Build | Mill |
| 3:59 | Build | House |
| 4:18 | Queue | Villager (Male) |
| 4:32 | Build | Mining Camp |
| 4:36 | Queue | Villager (Male) |
| 4:38 | Research | Loom |
| 5:10 | Queue | Villager (Male) |
| 5:39 | Queue | Villager (Male) |
| 6:22 | Queue | Villager (Male) |
| 6:38 | Build | Barracks |
| 8:01 | Research | Feudal Age |
| 8:04 | Build | Palisade Wall |
| 8:07 | Build | Palisade Wall |
| 8:08 | Build | Palisade Wall |
| 8:40 | Queue | Militia |
| 9:01 | Queue | Militia |
| 9:17 | Queue | Militia |
| 9:37 | Queue | Militia |
| 9:46 | Build | Lumber Camp |
| 9:59 | Build | House |
| 10:11 | Age | Feudal Age |
| 10:17 | Queue | Militia |
| 10:27 | Queue | Villager (Male) |
| 10:53 | Build | House |
| 11:12 | Research | Man-at-Arms (upgrade) |
| 11:51 | Build | Blacksmith |
| 11:58 | Build | Market |
| 12:18 | Build | Mill |
| 12:21 | Queue | Villager (Male) |
| 12:22 | Queue | Villager (Male) |
| 12:53 | Build | Farm |
| 12:54 | Queue | Villager (Male) |
| 13:17 | Build | Farm |
| 13:46 | Build | Farm |
| 14:57 | Build | Lumber Camp |
| 15:02 | Queue | Villager (Male) |
| 15:12 | Queue | Militia |
| 15:13 | Research | Arson |
| 15:21 | Queue | Villager (Male) |
| 15:25 | Build | Farm |
| 15:26 | Build | Farm |
| 15:44 | Build | Palisade Wall |
| 15:45 | Build | Palisade Wall |
| 15:51 | Queue | Villager (Male) |
| 16:05 | Queue | Villager (Male) |
| 16:22 | Build | Farm |
| 16:22 | Queue | Villager (Male) |
| 16:26 | Build | House |
| 16:42 | Queue | Villager (Male) |
| 16:48 | Build | Farm |
| 16:56 | Queue | Militia |
| 16:59 | Build | House |
| 17:15 | Queue | Militia |
| 17:47 | Build | Farm |
| 17:58 | Build | Farm |
| 18:20 | Queue | Villager (Male) |
| 18:33 | Queue | Villager (Male) |
| 18:46 | Build | Farm |
| 19:12 | Build | Stable |
| 19:14 | Queue | Villager (Male) |
| 19:35 | Build | Farm |
| 19:36 | Queue | Villager (Male) |
| 19:52 | Build | Farm |
| 20:07 | Build | Farm |
| 20:17 | Build | Farm |
| 20:36 | Research | Castle Age |
| 20:48 | Queue | Scout Cavalry |
| 21:00 | Build | Mill |
| 21:16 | Queue | Scout Cavalry |
| 21:35 | Queue | Scout Cavalry |
| 21:47 | Research | Scale Barding Armor |
| 22:01 | Build | Farm |
| 22:02 | Build | Farm |
| 22:20 | Queue | Scout Cavalry |
| 22:27 | Queue | Militia |
| 22:38 | Research | Double-Bit Axe |
| 22:49 | Build | Farm |
| 23:16 | Age | Castle Age |
| 23:18 | Queue | Knight |
| 23:20 | Queue | Villager (Male) |
| 23:36 | Build | Siege Workshop |
| 23:38 | Research | Wheelbarrow |
| 23:47 | Queue | Villager (Male) |
| 23:50 | Build | House |
| 24:02 | Queue | Scorpion |
| 24:06 | Queue | Villager (Male) |
| 24:11 | Build | House |
| 24:21 | Queue | Scorpion |
| 24:24 | Build | Farm |
| 24:32 | Research | Bow Saw |
| 24:34 | Research | Gold Mining |
| 24:46 | Queue | Villager (Male) |
| 24:49 | Build | House |
| 25:04 | Queue | Villager (Male) |
| 25:18 | Queue | Battering Ram |
| 25:39 | Build | Mining Camp |
| 25:42 | Queue | Villager (Male) |
| 25:45 | Build | Outpost |
| 25:57 | Queue | Villager (Male) |
| 26:19 | Queue | Villager (Male) |
| 26:33 | Queue | Villager (Male) |
| 26:47 | Research | Horse Collar |
| 26:53 | Build | House |
| 26:56 | Research | Wheelbarrow |
| 27:00 | Research | Wheelbarrow |
| 27:31 | Build | Town Center |
| 27:36 | Queue | Scorpion |
| 28:08 | Queue | Scout Cavalry |
| 28:08 | Queue | Scout Cavalry |
| 28:11 | Queue | Scorpion |
| 28:32 | Queue | Villager (Male) |
| 28:32 | Queue | Villager (Male) |
| 28:32 | Queue | Villager (Male) |
| 28:34 | Queue | Villager (Male) |
| 28:34 | Queue | Villager (Male) |
| 28:34 | Queue | Villager (Male) |
| 28:46 | Queue | Villager (Male) |
| 28:50 | Build | House |
| 28:51 | Build | House |
| 28:52 | Build | House |
| 29:06 | Queue | Villager (Male) |
| 29:07 | Queue | Villager (Male) |
| 29:14 | Research | Light Cavalry (upgrade) |
| 29:20 | Research | Heavy Plow |
| 29:32 | Build | Monastery |
| 29:44 | Queue | Villager (Male) |
| 29:44 | Queue | Villager (Male) |
| 29:51 | Research | Stone Mining |
| 29:58 | Research | Forging |
| 30:06 | Queue | Monk |
| 30:21 | Queue | Villager (Male) |
| 30:26 | Build | Farm |
| 30:26 | Build | Farm |
| 30:26 | Build | Farm |
| 30:37 | Queue | Villager (Male) |
| 30:42 | Build | House |
| 31:11 | Queue | Villager (Male) |
| 31:12 | Queue | Villager (Male) |
| 31:27 | Build | Palisade Wall |
| 31:30 | Queue | Villager (Male) |
Build order — 老菜套
First 150 of 232 actions detected
| 0:02 | Queue | Villager (Male) |
| 0:02 | Queue | Villager (Male) |
| 0:02 | Queue | Villager (Male) |
| 0:04 | Build | House |
| 0:05 | Build | House |
| 0:09 | Queue | Villager (Male) |
| 1:24 | Build | House |
| 1:26 | Queue | Villager (Male) |
| 1:26 | Queue | Villager (Male) |
| 1:45 | Build | Lumber Camp |
| 2:01 | Queue | Villager (Male) |
| 2:01 | Queue | Villager (Male) |
| 2:41 | Queue | Villager (Male) |
| 2:41 | Queue | Villager (Male) |
| 3:17 | Queue | Villager (Male) |
| 3:17 | Queue | Villager (Male) |
| 3:55 | Queue | Villager (Male) |
| 4:24 | Queue | Villager (Male) |
| 4:48 | Queue | Villager (Male) |
| 4:54 | Build | Barracks |
| 5:19 | Queue | Villager (Male) |
| 5:19 | Queue | Villager (Male) |
| 5:38 | Build | House |
| 5:53 | Queue | Militia |
| 5:53 | Queue | Militia |
| 6:09 | Research | Loom |
| 6:13 | Queue | Militia |
| 6:47 | Build | Outpost |
| 7:09 | Queue | Villager (Male) |
| 7:09 | Queue | Villager (Male) |
| 7:10 | Queue | Villager (Male) |
| 7:15 | Build | House |
| 7:21 | Build | Mill |
| 7:33 | Queue | Villager (Male) |
| 7:33 | Queue | Villager (Male) |
| 7:49 | Build | Outpost |
| 7:54 | Queue | Villager (Male) |
| 7:54 | Queue | Villager (Male) |
| 8:24 | Queue | Villager (Male) |
| 8:24 | Queue | Villager (Male) |
| 8:36 | Build | Outpost |
| 8:55 | Build | House |
| 8:57 | Build | House |
| 9:01 | Build | Palisade Wall |
| 9:55 | Build | Mill |
| 10:24 | Build | Outpost |
| 10:27 | Research | Feudal Age |
| 10:43 | Build | Palisade Wall |
| 10:56 | Build | Palisade Wall |
| 11:05 | Build | Palisade Wall |
| 11:11 | Build | Palisade Wall |
| 11:16 | Build | Palisade Wall |
| 11:19 | Build | Palisade Wall |
| 11:40 | Build | Palisade Wall |
| 11:59 | Build | Palisade Wall |
| 12:20 | Build | Palisade Wall |
| 12:23 | Build | Palisade Wall |
| 12:39 | Age | Feudal Age |
| 12:43 | Research | Town Watch |
| 12:50 | Build | Watch Tower |
| 12:55 | Build | Mining Camp |
| 12:59 | Research | Double-Bit Axe |
| 13:00 | Queue | Villager (Male) |
| 13:10 | Build | Stone Wall |
| 13:17 | Build | Stone Wall |
| 13:24 | Build | Gate |
| 13:31 | Build | House |
| 13:37 | Build | Palisade Wall |
| 13:41 | Build | House |
| 13:59 | Build | House |
| 14:03 | Build | Palisade Wall |
| 14:12 | Build | Archery Range |
| 14:17 | Build | House |
| 14:22 | Build | House |
| 14:32 | Build | Stone Wall |
| 14:36 | Build | Stone Wall |
| 14:38 | Build | Stone Wall |
| 14:45 | Build | Palisade Wall |
| 14:57 | Queue | Villager (Male) |
| 14:59 | Build | House |
| 15:05 | Build | House |
| 15:09 | Queue | Skirmisher |
| 15:09 | Queue | Skirmisher |
| 15:09 | Queue | Skirmisher |
| 15:12 | Build | Mining Camp |
| 15:25 | Build | Palisade Wall |
| 15:28 | Build | Stone Wall |
| 15:30 | Build | Stone Wall |
| 15:32 | Build | Stone Wall |
| 15:41 | Build | House |
| 15:52 | Build | Stone Wall |
| 15:55 | Build | Stone Wall |
| 16:19 | Queue | Villager (Male) |
| 16:30 | Build | Farm |
| 16:33 | Build | Farm |
| 16:35 | Queue | Villager (Male) |
| 16:38 | Build | Farm |
| 16:43 | Queue | Archer |
| 16:43 | Queue | Archer |
| 17:00 | Build | Stone Wall |
| 17:01 | Build | Stone Wall |
| 17:14 | Build | Watch Tower |
| 17:22 | Queue | Archer |
| 17:26 | Build | Farm |
| 17:34 | Build | Farm |
| 18:06 | Queue | Archer |
| 18:06 | Queue | Archer |
| 18:09 | Research | Gold Mining |
| 18:11 | Research | Horse Collar |
| 18:20 | Build | Palisade Gate |
| 18:25 | Build | Farm |
| 18:28 | Build | Farm |
| 18:42 | Build | Lumber Camp |
| 18:53 | Queue | Villager (Male) |
| 18:54 | Queue | Villager (Male) |
| 18:54 | Queue | Villager (Male) |
| 19:06 | Queue | Archer |
| 19:28 | Build | House |
| 19:49 | Queue | Villager (Male) |
| 19:55 | Build | Blacksmith |
| 20:11 | Queue | Archer |
| 20:14 | Build | House |
| 20:28 | Queue | Archer |
| 20:40 | Queue | Archer |
| 20:47 | Build | House |
| 20:55 | Research | Fletching |
| 20:55 | Research | Fletching |
| 20:59 | Queue | Villager (Male) |
| 20:59 | Queue | Villager (Male) |
| 21:02 | Build | Farm |
| 21:04 | Build | Farm |
| 21:09 | Build | Farm |
| 21:11 | Build | Farm |
| 21:12 | Build | Farm |
| 21:23 | Queue | Spearman |
| 21:25 | Queue | Archer |
| 21:29 | Queue | Villager (Male) |
| 21:48 | Queue | Spearman |
| 21:50 | Queue | Archer |
| 22:06 | Build | Farm |
| 22:10 | Build | Outpost |
| 22:15 | Queue | Archer |
| 22:16 | Research | Padded Archer Armor |
| 22:18 | Queue | Villager (Male) |
| 22:18 | Queue | Villager (Male) |
| 22:39 | Queue | Villager (Male) |
| 22:42 | Build | Market |
| 22:47 | Build | Farm |
| 22:49 | Build | Farm |
| 22:55 | Build | Farm |
Match timeline
| 4:54 | 老菜套 · first_building Barracks |
| 6:38 | LordPoseidón · first_building Barracks |
| 8:04 | LordPoseidón · wall_segment Palisade Wall x3 |
| 8:07 | LordPoseidón · wall_segment Palisade Wall x4 |
| 8:08 | LordPoseidón · wall_segment Palisade Wall x1 |
| 9:01 | 老菜套 · wall_segment Palisade Wall x3 |
| 10:11 | LordPoseidón · age_up feudal |
| 10:43 | 老菜套 · wall_segment Palisade Wall x17 |
| 10:56 | 老菜套 · wall_segment Palisade Wall x3 |
| 11:05 | 老菜套 · wall_segment Palisade Wall x12 |
| 11:11 | 老菜套 · wall_segment Palisade Wall x1 |
| 11:16 | 老菜套 · wall_segment Palisade Wall x10 |
| 11:19 | 老菜套 · wall_segment Palisade Wall x1 |
| 11:40 | 老菜套 · wall_segment Palisade Wall x2 |
| 11:59 | 老菜套 · wall_segment Palisade Wall x2 |
| 12:20 | 老菜套 · wall_segment Palisade Wall x7 |
| 12:23 | 老菜套 · wall_segment Palisade Wall x10 |
| 12:39 | 老菜套 · age_up feudal |
| 13:10 | 老菜套 · wall_segment Stone Wall x1 |
| 13:17 | 老菜套 · wall_segment Stone Wall x1 |
| 13:37 | 老菜套 · wall_segment Palisade Wall x3 |
| 14:03 | 老菜套 · wall_segment Palisade Wall x2 |
| 14:12 | 老菜套 · first_building Archery Range |
| 14:32 | 老菜套 · wall_segment Stone Wall x1 |
| 14:36 | 老菜套 · wall_segment Stone Wall x1 |
| 14:38 | 老菜套 · wall_segment Stone Wall x1 |
| 14:45 | 老菜套 · wall_segment Palisade Wall x1 |
| 15:25 | 老菜套 · wall_segment Palisade Wall x2 |
| 15:28 | 老菜套 · wall_segment Stone Wall x1 |
| 15:30 | 老菜套 · wall_segment Stone Wall x1 |
| 15:32 | 老菜套 · wall_segment Stone Wall x1 |
| 15:44 | LordPoseidón · wall_segment Palisade Wall x1 |
| 15:45 | LordPoseidón · wall_segment Palisade Wall x1 |
| 15:52 | 老菜套 · wall_segment Stone Wall x1 |
| 15:55 | 老菜套 · wall_segment Stone Wall x1 |
| 17:00 | 老菜套 · wall_segment Stone Wall x1 |
| 17:01 | 老菜套 · wall_segment Stone Wall x1 |
| 19:12 | LordPoseidón · first_building Stable |
| 19:39 | LordPoseidón · first_market_buy 100 food |
| 19:58 | LordPoseidón · first_market_sell 100 wood |
| 23:16 | LordPoseidón · age_up castle |
| 23:36 | LordPoseidón · first_building Siege Workshop |
| 23:55 | 老菜套 · first_market_buy 100 food |
| 24:31 | 老菜套 · wall_segment Stone Wall x1 |
| 24:54 | 老菜套 · first_building Stable |
| 26:11 | 老菜套 · wall_segment Stone Wall x1 |
| 26:14 | 老菜套 · wall_segment Stone Wall x1 |
| 26:15 | 老菜套 · wall_segment Stone Wall x1 |
| 26:17 | 老菜套 · wall_segment Stone Wall x1 |
| 27:17 | 老菜套 · age_up castle |
| 27:27 | 老菜套 · first_building Castle |
| 27:55 | 老菜套 · wall_segment Stone Wall x1 |
| 28:38 | 老菜套 · first_building Siege Workshop |
| 29:32 | LordPoseidón · first_building Monastery |
| 31:27 | LordPoseidón · wall_segment Palisade Wall x1 |
| 35:47 | LordPoseidón · resign |
[ AI ANALYSIS · 1 CREDIT ]
What really happened in this match?
Wolo.gg analyzes every decision: build order, eco, micro, common mistakes by bracket. Personalized analysis on WhatsApp or Discord in 30 seconds.
Civ guide
Japanese
Perfil
Jugador #20462975